 Dungeon Crawl Stone Soup version 0.23.2-30-g0e89c35649 (webtiles) character file.

Game seed: 17483435940001777500

52 DildoBatman the Magician (level 4, -1/30 HPs)
             Began as a Formicid Wizard on June 18, 2019.
             Succumbed to an adder's poison
             ... on level 3 of the Dungeon.
             The game lasted 00:03:41 (1620 turns).

DildoBatman the Magician (Formicid Wizard)          Turns: 1620, Time: 00:03:42

Health: -1/30      AC:  3    Str: 12    XL:     4   Next: 8%
Magic:  8/8        EV: 12    Int: 18    God:
Gold:   99         SH:  0    Dex:  9    Spells: 2/9 levels left

rFire    + . .     SeeInvis +   a - +0 short sword (venom)
rCold    x . .     Gourm    .   (no shield)
rNeg     . . .     Faith    .   m - +0 robe
rPois    .         Spirit   .   (helmet unavailable)
rElec    .         Reflect  .   (no cloak)
rCorr    .         Harm     .   n - +0 pair of gloves
MR       .....                  (no boots)
Stlth    ++........             (no amulet)
HPRegen  0.10/turn              b - ring of fire
MPRegen  0.11/turn              (no ring)

@: lethally poisoned (-1 -> -27)
A: permanent stasis, dig shafts and tunnels, four strong arms, antennae 3
a: Dig, Shaft Self


You were on level 3 of the Dungeon.
You were not hungry.

You visited 1 branch of the dungeon, and saw 3 of its levels.

You collected 99 gold pieces.

Inventory:

Hand Weapons
 a - a +0 short sword of venom (weapon)
Missiles
 c - 23 sling bullets
 e - 36 stones (quivered)
 j - 3 tomahawks
Armour
 k - a +0 shield
 m - a +0 robe (worn)
 n - a +0 pair of gloves (worn)
Jewellery
 b - a ring of fire (left hand)
Scrolls
 d - a scroll of amnesia {unknown}
 h - 2 scrolls of identify {unknown}
Potions
 g - a potion of might {unknown}
 i - a potion of curing {unknown}
 l - a potion of heal wounds {unknown}
Comestibles
 f - 2 chunks of flesh
 v - 3 rations


   Skills:
 * Level 0.4 Short Blades
 - Level 1.7 Dodging
 - Level 2.4 Stealth
 - Level 3.2 Spellcasting
 * Level 3.1 Conjurations
   Level 1.0 Summonings
   Level 0.8 Translocations


You had 2 spell levels left.
You knew the following spells:

 Your Spells              Type           Power        Failure   Level  Hunger
a - Conjure Flame         Conj/Fire      ##......     26%         3    ###....
c - Magic Dart            Conj           ##..         4%          1    None
e - Mephitic Cloud        Conj/Pois/Air  #.......     30%         3    ###....

Your spell library contained the following spells:

 Spells                   Type           Power        Failure   Level  Hunger
 Call Imp                 Summ           #.......     16%         2    ##.....
 Slow                     Hex            #.......     24%         2    ##.....
 Blink                    Tloc           Unusable     N/A         2    N/A

Dungeon Overview and Level Annotations

Branches:
Dungeon (3/15)

Altars:
Dithmenos
The Shining One


Innate Abilities, Weirdness & Mutations

You cannot be hasted, slowed, berserked, paralysed or teleported.
You can dig through walls and to a lower floor.
Your four strong arms can wield two-handed weapons with a shield.
You have a pair of large antennae on your head. (SInv)


Message History

r - Retreat! s - Stop attacking. g - Guard the area. f - Follow me.
Anything else - Cancel.
You shout for attention!
You feel sick.
You hear a shout!
The adder bites you.
You are more poisoned.
The adder poisons you!
The giant cockroach waves its antennae.
The giant cockroach bites you but does no damage.
The adder misses you. What are your orders? t - Shout!
Orders for allies: a - Attack new target. r - Retreat! s - Stop attacking. g - Guard the area. f - Follow me.
Anything else - Cancel.
You shout for attention!
You die...

# #.# .... #
.... .#
#..###..#
#.bS@s..#
#.$...####.#
#.##. #.{ #


You could see an adder, a giant cockroach and a bat.

Vanquished Creatures
  An adder (D:2)
  An ooze (D:2)
  2 dart slugs
  2 leopard geckos
  2 bats (D:1)
  2 giant cockroaches
  3 goblins
  8 hobgoblins
  A frilled lizard (D:2)
  4 kobolds
  4 rats
30 creatures vanquished.

Notes
Turn   | Place    | Note
-------+----------+-------------------------------------------
     0 | D:1      | DildoBatman the Formicid Wizard began the quest for the
                  | Orb.
     0 | D:1      | Reached XP level 1. HP: 13/13 MP: 4/4
    40 | D:1      | Reached skill level 1 in Conjurations
   163 | D:1      | Reached XP level 2. HP: 5/19 MP: 0/6
   633 | D:1      | Found a glowing golden altar of the Shining One.
   748 | D:1      | Reached XP level 3. HP: 24/24 MP: 2/7
   753 | D:1      | Learned a level 3 spell: Conjure Flame
   757 | D:1      | Learned a level 3 spell: Mephitic Cloud
  1289 | D:2      | Found a shadowy altar of Dithmenos.
  1509 | D:2      | Reached XP level 4. HP: 30/30 MP: 3/8
  1619 | D:3      | HP: 1/30 [adder (2)]
  1620 | D:3      | Succumbed to an adder's poison

Skill      XL: |  1  2  3 |
---------------+----------+-----
Conjurations   | 1 2 3 |  3.1
Short Blades   | |  0.4
Dodging        | |  1.7
Stealth        | |  2.4
Spellcasting   | |  3.2
Summonings     | |  1.0
Translocations | |  0.8

Action                   |  1- 3 |  4- 6 || total
-------------------------+-------+-------++-------
Melee: Dagger            |    44 |       ||    44
       Short sword       |    24 |       ||    24
Throw: Stone             |     1 |       ||     1
 Cast: Magic Dart        |    58 |     1 ||    59
 Abil: Dig               |     1 |       ||     1
 Stab: Sleeping          |     1 |       ||     1
  Eat: Chunk             |     2 |       ||     2
Armor: Robe              |    23 |     5 ||    28
Dodge: Dodged            |    61 |    16 ||    77
